 Dungeon Crawl Stone Soup version 0.29-a0-847-g24c0ca63c9 (console) character file.

Game seed: 10660403563547712098

814 CannotBeFrozen the Slasher (level 7, 0/55 HPs)
             Began as a Demigod Warper on July 16, 2022.
             Slain by a killer bee (5 damage)
             ... on level 6 of the Dungeon.
             The game lasted 00:17:50 (5722 turns).

CannotBeFrozen the Slasher (Demigod Warper)         Turns: 5722, Time: 00:17:51

Health: 0/55       AC:  8    Str: 12    XL:     7   Next: 35%
Magic:  13/13      EV: 16    Int: 15    God:
Gold:   19         SH:  0    Dex: 21    Spells: 8/10 levels left

rFire   . . .      SeeInvis .   b - +9 dagger {vorpal, Fly rElec}
rCold   . . .      Faith    .   (no shield)
rNeg    . . .      Spirit   .   s - +0 leather armour
rPois   .          Reflect  .   (no helmet)
rElec   +          Harm     .   k - +2 cloak {Will+}
rCorr   .          Rampage  .   (no gloves)
Will    +....                   o - +1 pair of boots
Stlth   ++........              (no amulet)
HPRegen 0.18/turn               p - +4 ring of evasion
MPRegen 0.13/turn               (no ring)

@: flying
A: high MP 1, forlorn, divine attributes
a: no special abilities


You were on level 6 of the Dungeon.
You visited 1 branch of the dungeon, and saw 6 of its levels.

You collected 277 gold pieces.
You spent 258 gold pieces at shops.

Inventory:

Hand Weapons
 a - a +4 scimitar of holy wrath
 b - the +9 dagger of the First Prophets (weapon) {vorpal, Fly rElec}
   (You found it on level 3 of the Dungeon)

   It inflicts extra damage upon your enemies.
   rElec:     It insulates you from electricity.
   Fly:       It grants you flight.
 t - a +2 long sword of flaming
Missiles
 d - 5 boomerangs of dispersal {=f=F}
 g - 2 stones (quivered)
Armour
 k - a +2 cloak of willpower (worn)
 l - a +0 ring mail
 n - a +1 scale mail of poison resistance
 o - a +1 pair of boots (worn)
 s - a +0 leather armour (worn)
Jewellery
 p - a +4 ring of evasion (left hand)
Scrolls
 c - a scroll of fear {unknown}
 f - 2 scrolls of teleportation {@r2}
 r - a scroll of identify {@r1}
Potions
 e - a potion of flight {unknown}
 h - 2 potions of curing {@q1}
 i - a potion of might {unknown}
 j - a potion of cancellation {unknown}
 m - a potion of degeneration {unknown}
 q - 2 potions of brilliance {unknown}
 u - a potion of invisibility {unknown}


   Skills:
 - Level 2.0 Fighting
 + Level 7.0 Long Blades
 - Level 0.8 Throwing
 - Level 0.8 Armour
 - Level 2.0 Dodging
 - Level 2.0 Stealth
 - Level 2.0 Spellcasting
 - Level 4.0 Translocations


You had 8 spell levels left.
You knew the following spells:

 Your Spells              Type           Power      Damage    Failure   Level
z - Blink                 Tloc           26%        N/A       9%          2

Your spell library contained the following spells:

 Spells                   Type           Power      Damage    Failure   Level
 Gell's Gravitas          Tloc           13%        N/A       16%         3
 Lesser Beckoning         Tloc           13%        N/A       16%         3
 Teleport Other           Tloc           13%        N/A       16%         3
 Sublimation of Blood     Necr           1%         N/A       38%         2
 Wereblood                Tmut           1%         N/A       38%         2
 Manifold Assault         Tloc           13%        N/A       83%         5
 Summon Hydra             Summ           0%         N/A       100%        7


Dungeon Overview and Level Annotations

Branches:
Dungeon (6/15)
 Temple: D:4-7

Shops:
D:2 *[

Annotations:
D:5 Edmund, Grinder


Innate Abilities, Weirdness & Mutations

You have an increased reservoir of magic. (+10% MP)
You shall have no god before yourself.
Your divine heritage dramatically boosts your attributes as you level up.


Message History

You kill the killer bee!
You feel sick. The killer bee misses you.
HP: 7/55 (-1) =----------- You feel better.
The killer bee closely misses you.
The killer bee stings you but does no damage.
You hit the killer bee.
The killer bee is heavily wounded.
The killer bee misses you.
You puncture the killer bee!
You kill the killer bee!
The killer bee barely misses you.
You hit the killer bee but do no damage.
The killer bee stings you.
* * * LOW HITPOINT WARNING * * *
HP: 12/55 (-3) ==---------- You miss the killer bee.
The killer bee closely misses you. The killer bee misses you.
You hit the killer bee.
The killer bee is moderately wounded.
The killer bee closely misses you. The killer bee misses you.
The killer bee buzzes angrily.
You hit the killer bee.
The killer bee is severely wounded.
You hear an angry hiss.
You hear an angry buzzing noise.
You hear a roar!
The killer bee misses you.
You hit the killer bee.
You kill the killer bee!
The killer bee stings you.
* * * LOW HITPOINT WARNING * * *
Your Long Blades skill increases to level 7!
HP: 9/55 (-4) =----------- You barely miss the killer bee.
The killer bee barely misses you.
You hit the killer bee.
The killer bee is lightly wounded.
The killer bee closely misses you. x2
You miss the killer bee.
The killer bee is lightly wounded.
The killer bee stings you.
* * * LOW HITPOINT WARNING * * *
The killer bee stings you.
You die...

. ..... ..#### #.....
!.....###...yy. ...
..............y ..
.J..........[y. ##.#
........y.$.... #########..
###.....yy#
#.........##......####.##
#............ . #..###
#.........# #####...#.#
###.........# ######..@yy....#
#.........######......######..#
#.........# #...###### ###
#......>..# #.###
#.........####.#
#....<.........#
#.........###### #)...[....#
#..<......# #.[......<#
#.........#


You could see 2 killer bees.

Vanquished Creatures
  Blork the orc (D:5)
  A scorpion (D:4)
  3 wights
  3 killer bees (D:6)
  3 hounds (D:4)
  A jelly (D:3)
  Natasha (thrice) (D:4)
  An orc wizard (D:5)
  5 adders
  5 gnolls
  A shadow imp (D:6)
  2 worms
  2 dart slugs
  12 orcs
  2 ball pythons (D:4)
  6 endoplasms
  A giant cockroach (D:4)
  A goblin (D:1)
  2 hobgoblins
  8 jackals
  2 quokkas
  3 bats
  2 frilled lizards (D:1)
  5 kobolds
  5 rats
80 creatures vanquished.

Vanquished Creatures (collateral kills)
  A bat (D:3)
1 creature vanquished.

Grand Total: 81 creatures vanquished

Notes
Turn   | Place    | Note
-------+----------+-------------------------------------------
     0 | D:1      | CannotBeFrozen the Demigod Warper began the quest for the
                  | Orb.
     0 | D:1      | Reached XP level 1. HP: 17/17 MP: 5/5
    59 | D:1      | Reached skill level 2 in Long Blades
   426 | D:1      | Reached XP level 2. HP: 22/24 MP: 7/7
   429 | D:1      | Learned a level 2 spell: Blink
  1170 | D:2      | Reached skill level 3 in Long Blades
  1436 | D:2      | Found Uweps's General Store.
  1449 | D:2      | Found Peddelow's Armour Shop.
  1825 | D:2      | Reached XP level 3. HP: 29/29 MP: 8/8
  2152 | D:3      | Reached skill level 1 in Stealth
  2385 | D:3      | Identified the +9 dagger of the First Prophets {vorpal, Fly
                  | rElec}
  2442 | D:3      | Reached XP level 4. HP: 36/36 MP: 9/9
  3335 | D:4      | Noticed Natasha
  3344 | D:4      | Killed Natasha
  3345 | D:4      | Reached skill level 4 in Long Blades
  3725 | D:4      | Reached XP level 5. HP: 39/41 MP: 10/10
  3744 | D:4      | Noticed Natasha
  3750 | D:4      | Killed Natasha
  3812 | D:4      | Noticed Natasha
  3816 | D:4      | Killed Natasha
  4039 | D:4      | Reached XP level 6. HP: 48/48 MP: 11/11
  4513 | D:5      | Entered Level 5 of the Dungeon
  4515 | D:5      | Noticed Blork the orc
  4599 | D:5      | HP: 2/48 [orc priest/divine providence (12)]
  4603 | D:5      | Noticed Grinder
  4945 | D:3      | Reached skill level 5 in Long Blades
  5100 | D:5      | Killed Blork the orc
  5263 | D:5      | Noticed Edmund
  5414 | D:2      | Bought a +2 cloak of willpower for 258 gold pieces
  5590 | D:5      | Reached skill level 6 in Long Blades
  5593 | D:5      | Reached XP level 7. HP: 45/55 MP: 11/13
  5720 | D:6      | Reached skill level 7 in Long Blades
  5722 | D:6      | Slain by a killer bee

Illustrated notes

Levels and vault maps discovered:
D:1:      lightli_arrival_noodles, layout_rooms, amcnicky_mini_pool_small
D:2:      layout_loops_cross, serial_shops, nicolae_diamond_shop, shop
D:3:      kennysheep_big_flooded_room, layout_basic
D:4:      layout_basic, cheibrodos_ashenzari_chains,
          chequers_serial_rivers_large_a, uniq_natasha
D:5:      layout_rooms, grunt_temple_overflow_holy_war,
          minmay_temple_entry_nine_rooms, uniq_grinder, uniq_edmund,
          uniq_blork_the_orc, uniq_crazy_yiuf_cottage
D:6:      minmay_diamond_boxcup, layout_rooms, serial_shops, shop

Skill      XL: |  1  2  3  4  5  6  7 |
---------------+----------------------+-----
Long Blades    | 2 3 4 6 7 |  7.0
Stealth        | 1 2 |  2.0
Spellcasting   | 2 |  2.0
Translocations | 3 4 |  4.0
Fighting       | 2 |  2.0
Dodging        | 2 |  2.0
Throwing       | |  0.8
Armour         | |  0.8

Action                   |  1- 3 |  4- 6 |  7- 9 || total
-------------------------+-------+-------+-------++-------
Melee: Falchion          |   104 |       |       ||   104
       Punch             |     1 |     1 |       ||     2
       Dagger            |       |   109 |    17 ||   126
       Scimitar          |       |    12 |     3 ||    15
Throw: Boomerang         |     1 |     1 |       ||     2
       Stone             |    11 |     6 |       ||    17
 Cast: Blink             |     1 |     2 |       ||     3
  Use: Scroll            |     2 |     7 |       ||     9
       Potion            |       |       |     1 ||     1
 Stab: Sleeping          |     3 |     6 |       ||     9
Armor: Leather armour    |    26 |    17 |     4 ||    47
Dodge: Dodged            |    64 |    85 |    21 ||   170

Table legend: (Time is in decaauts)
 A = Elapsed time spent in this place.
 B = Non-inter-level travel time spent in this place.
 C = Inter-level travel time spent in this place.
 D = Time resting spent in this place.
 E = Time spent auto-exploring this place.
 F = Levels seen in this place.
 G = Mean time per level.
                   A        B        C        D        E       F      G
               +--------+--------+--------+--------+--------+-----+--------+
         Total |   5729 |   5306 |    423 |   2187 |   1680 |   6 |  954.8 |
       Dungeon |   5729 |   5306 |    423 |   2187 |   1680 |   6 |  954.8 |
               +--------+--------+--------+--------+--------+-----+--------+

Top non-repeatable levels by time:
     D:4: 1696 daAuts
     D:2: 1491 daAuts
     D:1: 1236 daAuts
     D:3: 796 daAuts
     D:5: 429 daAuts
     D:6: 80 daAuts
